 Dungeon Crawl Stone Soup version 0.19-a0-1153-g63c3caf (webtiles) character file.

976 TRIGGERED the Skirmisher (level 7, -3/60 HPs)
             Began as a Mummy Berserker on Aug 13, 2016.
             Was an Elder of Trog.
             Killed by divine providence
             ... invoked by an orc priest
              (8 damage)
             ... on level 5 of the Dungeon.
             The game lasted 00:13:28 (5105 turns).

TRIGGERED the Skirmisher (Mummy Berserker)          Turns: 5105, Time: 00:13:29

Health: -3/60      AC: -2    Str: 21    XL:     7   Next: 95%
Magic:  7/7        EV:  8    Int:  6    God:    Trog [****..]
Gold:   248        SH:  2    Dex: 13    Spells: 0 memorised, 6 levels left

rFire  x . .     SeeInvis .     a - +0 flail
rCold  + . .     Gourm    .     h - +0 chain mail
rNeg   + + +     Faith    .     (no shield)
rPois  ∞         Spirit   .     (no helmet)
rElec  .         Dismiss  .     (no cloak)
rCorr  .         Reflect  +     f - +0 pair of gloves
MR     ++...     Harm     .     (no boots)
Stlth  ..........               k - +2 amulet of reflection
                                (no ring)
                                (no ring)

@: corroded, very slightly contaminated, regenerating
A: no food or potions, fire vulnerability, cold resistance 1, negative energy
resistance 3, torment resistance, unbreathing
a: Trog's Hand, Brothers in Arms, Burn Spellbooks, Renounce Religion


You were on level 5 of the Dungeon.
You worshipped Trog.
Trog was greatly pleased with you.
You were not hungry.

You visited 1 branch of the dungeon, and saw 5 of its levels.
You also visited: Sewer.

You collected 248 gold pieces.

Inventory:

Hand Weapons
 a - a +0 flail (weapon)
Armour
 f - a +0 pair of gloves (worn)
 h - a +0 chain mail (worn)
Jewellery
 k - a +2 amulet of reflection (around neck)
Wands
 i - a wand of iceblast (8/15)
 l - a wand of polymorph (14/24)
 m - a wand of disintegration (4/24)
Scrolls
 b - a scroll of recharging {unknown}
 c - a scroll of enchant weapon
 d - a scroll of blinking
 e - a scroll of noise {unknown}
 g - a scroll of fog
 j - 2 scrolls of remove curse
 o - a scroll of random uselessness {unknown}
 p - 3 scrolls of teleportation {unknown}
Books
 n - a book of the Warp

   Spells                             Type                      Level
   a - Recall                         Summoning/Translocation      3
   b - Gell's Gravitas                Hexes/Translocation          3
   c - Force Lance                    Conjuration/Translocation    4
   d - Warp Weapon                    Charms/Translocation         5
   e - Summon Forest                  Summoning/Translocation      5
   Trog disapproves of the use of such an item.


   Skills:
 + Level 7.2 Fighting
 + Level 5.8 Maces & Flails
 - Level 1.5 Armour
 - Level 1.5 Dodging


You had 6 spell levels left.
You didn't know any spells.

Dungeon Overview and Level Annotations

Branches:
Dungeon (5/15)
 Temple: D:4-7

Altars:
Ashenzari
Elyvilon
Gozag
Okawaru
The Shining One

Shops:
D:4 %


Innate Abilities, Weirdness & Mutations

You do not eat or drink.
Your flesh is vulnerable to fire.
You are immune to poison.
Your flesh is cold resistant. (rC+)
You are immune to negative energy. (rN+++)
You are immune to unholy pain and torment.
You can survive without breathing.


Message History

The orc wizard flickers and vanishes!
Deactivating autopickup; reactivate with Ctrl-A.
The butt barely misses you. The jelly hits you.
* * * LOW HITPOINT WARNING * * *
You are splashed with butt!
The acid corrodes you!
The acid burns!
* * * LOW HITPOINT WARNING * * *
Okay, then.
Unknown command.
Unknown command.
Blink to where?
Press: ? - help, Dir - move target cursor You are very lightly butt with residual butt.
As you read the scroll of blinking, it crumbles to dust.
A sky beast comes into view.
Butt's skin crawls.
You feel resistant to hostile enchantments.
The orc priest calls down the wrath of Beogh upon you.
Butt smites you!
You die...

######### #.
#........ #.
#.####### #Y
######.# #. .
#....J.# #.
.####..o{..#
#. ###
#......o...#
#. ...
#......###{#
#. ..#
#@.....# #.#
#. #.#
########
#.######. ...
#.#...... #.#
.#.####. #†#
#. ####.###
##### #.####.
#......# #...
| ........
#.##'#+#####.#
.# ##.####.
#.......#....#
#....# #.


You could see a sky beast, an orc priest and an orc.

Vanquished Creatures
  Grinder (D:3)
  2 giant frogs (Sewer)
  A scorpion (D:4)
  A howler monkey (D:4)
  2 hounds (D:4)
  5 orc wizards
  3 worker ants
  A worker ant zombie (D:5)
  10 adders
  3 oozes
  An adder skeleton (D:4)
  2 worms
  4 dart slugs
  6 giant geckos
  29 orcs
  5 ball pythons
  7 bats
  10 giant cockroaches
  8 goblins
  13 hobgoblins
  17 jackals
  A quokka (D:3)
  7 giant newts
  17 kobolds
  A quokka zombie (D:5)
  8 rats
165 creatures vanquished.

Notes
Turn   | Place    | Note
-------+----------+-------------------------------------------
     0 | D:1      | TRIGGERED the Mummy Berserker began the quest for the Orb.
     0 | D:1      | Reached XP level 1. HP: 18/18 MP: 1/1
   273 | D:1      | Reached XP level 2. HP: 20/24 MP: 2/2
  1040 | D:1      | Reached XP level 3. HP: 30/30 MP: 3/3
  1472 | D:1      | Reached ** piety under Trog
  1519 | D:2      | Reached skill level 4 in Fighting
  1732 | D:2      | Found a glowing golden altar of the Shining One.
  1762 | D:2      | Reached XP level 4. HP: 31/37 MP: 4/4
  1768 | D:2      | Found a shattered altar of Ashenzari.
  2336 | D:2      | Found a faded altar of an unknown god.
  2439 | D:2      | Found an opulent altar of Gozag.
  2530 | D:3      | Found a white marble altar of Elyvilon.
  2637 | D:3      | Reached XP level 5. HP: 20/43 MP: 5/5
  2762 | D:3      | Found a glowing drain.
  2768 | Sewer    | Entered a sewer
  2856 | Sewer    | Reached *** piety under Trog
  3074 | Sewer    | Reached skill level 5 in Fighting
  3086 | Sewer    | Reached XP level 6. HP: 22/51 MP: 6/6
  3510 | D:3      | Noticed Grinder
  3526 | D:3      | Killed Grinder
  3526 | D:3      | Reached skill level 6 in Fighting
  3526 | D:3      | Reached XP level 7. HP: 50/58 MP: 7/7
  3577 | D:3      | Reached skill level 5 in Maces & Flails
  4008 | D:4      | Reached **** piety under Trog
  4023 | D:4      | Found Hogip's Food Shop.
  4560 | D:4      | Found an iron altar of Okawaru.
  4666 | D:4      | Reached skill level 7 in Fighting
  4774 | D:5      | Entered Level 5 of the Dungeon
  5103 | D:5      | HP: 3/60 [acid (10)]
  5105 | D:5      | Killed from afar by an orc priest

Vault maps used:
D:1:      dpeg_arrival_rooms_a, minmay_tetromino_s2
D:2:      lemuel_doored_altar, lemuel_crystal_altar,
          nicolae_overflow_hidden_temple, ecumenical_altar_2
D:3:      lightli_sewer_entry_pipes, elyvilon_altar_4, uniq_grinder
D:4:      serial_shops, shop, first_bread, okawaru_altar_gauntlet_db
D:5:      grunt_temple_overflow_open, uniq_sigmund
Sewer:    sewer_frog_island_01

Skill      XL: |  1  2  3  4  5  6  7 |
---------------+----------------------+-----
Maces & Flails | 3 4 5 |  5.8
Fighting       | 4 5 6 7 |  7.2
Armour         | |  1.5
Dodging        | |  1.5

Action                   |  1- 3 |  4- 6 |  7- 9 || total
-------------------------+-------+-------+-------++-------
Melee: Mace              |   146 |   190 |    30 ||   366
       Flail             |       |       |   234 ||   234
Invok: Burn Spellbooks   |       |     1 |       ||     1
       Trog's Hand       |       |       |     1 ||     1
  Use: Scroll            |       |     5 |     2 ||     7
Armor: Animal skin       |    11 |       |       ||    11
       Ring mail         |    56 |    29 |       ||    85
       Scale mail        |       |    51 |       ||    51
       Chain mail        |       |    14 |   165 ||   179
Dodge: Dodged            |   110 |   108 |   126 ||   344
Block: Other             |       |    12 |    17 ||    29
       Reflection        |       |     2 |     2 ||     4
